 Dungeon Crawl Stone Soup version 0.31.0-32-g396128a36d (webtiles) character file.

Game seed: 18174869833027739148

7831 spaghetti the Fighter (level 11, -6/117 HPs)
             Began as an Oni Chaos Knight on Mar 10, 2024.
             Was a Plaything of Xom.
             Mangled by a death yak (21 damage)
             ... on level 1 of the Lair of Beasts.
             The game lasted 00:15:52 (7448 turns).

spaghetti the Fighter (Oni Chaos Knight)            Turns: 7448, Time: 00:15:52

Health: -6/117     AC:  6    Str: 18    XL:     11   Next: 21%
Magic:  20/24      EV:  9    Int: 23    God:    Xom [*.....]
Gold:   1166       SH:  0    Dex:  8    Spells: 16/29 levels left

rFire   . . .        a - +1 spear (chaos)
rCold   . . .        (no shield)
rNeg    . . .        b - +2 robe
rPois   .            (helmet restricted)
rElec   .            l - +0 cloak
rCorr   .            (gloves unavailable)
SInv    .            (boots unavailable)
Will    +....        m - amulet of regeneration
Stlth   +            F - +6 ring of intelligence
HPRegen 1.19/turn    I - +4 ring of slaying
MPRegen 0.19/turn

%: no passive effects
@: about to teleport
A: large, unfitting armour, horns 1, tough skin 1, double potion healing,
drunken brawling, noise suppression
a: Renounce Religion


You were on level 1 of the Lair of Beasts.
You worshipped Xom.
You were a special plaything of Xom.
You visited 2 branches of the dungeon, and saw 10 of its levels.

You collected 1166 gold pieces.

Inventory:

Hand Weapons
 a - a +1 spear of chaos (weapon)
 v - a +0 giant club
 y - a +0 giant spiked club
Missiles
 f - 4 throwing nets
 B - 6 silver javelins
Armour
 b - a +2 robe (worn)
 l - a +0 cloak (worn)
Magical Staves
 E - a staff of death
Jewellery
 m - an amulet of regeneration (around neck)
 n - an amulet of faith
 u - a +6 ring of strength
 C - a ring of resist corrosion
 F - a +6 ring of intelligence (left hand)
 I - a +4 ring of slaying (right hand)
Wands
 h - a wand of flame (10)
 t - a wand of light (13)
 A - a wand of iceblast (3)
 J - a wand of paralysis (12)
Scrolls
 c - a scroll of butterflies
 g - 2 scrolls of noise
 j - 4 scrolls of teleportation
 k - a scroll of enchant armour
 o - a scroll of immolation
 r - a scroll of revelation
 s - 2 scrolls of enchant weapon
 D - 2 scrolls of identify
 H - a scroll of poison
Potions
 d - a potion of lignification
 e - a potion of might
 p - a potion of ambrosia
 q - a potion of invisibility
 z - 2 potions of curing
 G - a potion of attraction


   Skills:
 - Level 10.0 Fighting
 - Level 3.0 Polearms
 + Level 4.7 Throwing
 - Level 2.1 Dodging
 + Level 9.6 Spellcasting
 + Level 8.0 Summonings
 - Level 5.0 Fire Magic
 + Level 4.5 Evocations


You had 16 spell levels left.
You knew the following spells:

 Your Spells              Type           Power      Damage    Failure   Level
a - Call Imp              Summ           96%        N/A       1%          2
b - Summon Blazeheart Go  Fire/Summ      41%        N/A       4%          4
c - Summon Hydra          Summ           24%        N/A       88%         7

Your spell library contained the following spells:

 Spells                   Type           Power      Damage    Failure   Level
 Sublimation of Blood     Necr           11%        N/A       9%          2
 Fugue of the Fallen      Necr           11%        N/A       19%         3
 Ozocubu's Armour         Ice            11%        N/A       19%         3
 Manifold Assault         Tloc           11%        N/A       52%         4
 Orb of Destruction       Conj           5%         9d5       100%        7
 Spellforged Servitor     Conj/Summ      14%        N/A       100%        7


Dungeon Overview and Level Annotations

Branches:
Dungeon (9/15)             Temple (0/1) D:6            Lair (1/5) D:8
    Orc: D:9-12

Altars:
Dithmenos
Fedhas
Hepliaklqana
Nemelex Xobeh
Okawaru
Ru
Vehumet
Zin

Shops:
D:5 *   D:9 !


Innate Abilities, Weirdness & Mutations

You are too large for most types of armour.
You have a pair of small horns on your head.
You have tough skin. (AC +1)
You gain doubled healing and magic from potions.
Whenever you drink a healing potion, you attack all around you.
You passively dampen the noise of your surroundings.


Message History

You barely miss the death yak.
You headbutt the death yak, but do no damage.
The death yak gores the fungus!
The fungus begins to die.
The death yak gores you!
Your cerulean imp hits the death yak but does no damage.
You barely miss the death yak. You headbutt the death yak!
The death yak is lightly wounded.
Your blazeheart golem's core grows cold and it stops moving.
The death yak gores you!
Your cerulean imp hits the death yak with a +0 spear.
You barely miss the death yak. You headbutt the death yak.
The death yak is moderately wounded.
The death yak seems to regain its courage.
The death yak gores you!!
* * * LOW HITPOINT WARNING * * *
Your cerulean imp hits the death yak with a +0 spear.
Your blazeheart golem's core flares to life once more.
The death yak seems to regain its courage.
Your cerulean imp barely misses the death yak.
As you read the scroll of teleportation, it crumbles to dust.
You feel strangely unstable.
A nearby fungus withers and dies.
Your blazeheart golem's core grows cold and it stops moving.
The death yak gores you!!
* * * LOW HITPOINT WARNING * * *
Your cerulean imp hits the death yak but does no damage.
You take a swig of the potion and twirl your +1 spear of chaos.
You hit the death yak. You headbutt the death yak.
The death yak is moderately wounded.
You barely miss the death yak.
You savour every drop.
You feel much better. The death yak gores you!!
* * * LOW HITPOINT WARNING * * *
Your cerulean imp hits the death yak but does no damage.
The death yak gores your blazeheart golem!
The death yak attacks as it pursues you!
The death yak gores you!
* * * LOW HITPOINT WARNING * * *
Your cerulean imp hits the death yak but does no damage.
The death yak gores you!!
You die...
Xom cackles wildly!

# ## #.####.##
#.....#.###
......#...# ##
.......†..##.#
?..........#.#
.<.....5.Y@..##
........†.Y...##.#
...........9......
#..##.......Y.....
#. #...##.......#
# #.#..##........
#####.#.....(..
###/...... #......


You could see 3 death yaks, a friendly blazeheart golem (summoned, paralysed)
and a friendly cerulean imp (summoned).

Vanquished Creatures
  A two-headed ogre (D:8)
  A death yak (Lair:1)
  A manticore (Lair:1)
  A komodo dragon (D:8)
  A hornet (D:9)
  A slime creature (D:8)
  A basilisk (D:8)
  7 yaks
  A water moccasin (D:6)
  Duvessa (D:6)
  3 black bears
  6 ogres
  A sky beast (D:7)
  A centaur (D:5)
  A kobold brigand (D:4)
  A bullfrog (D:8)
  3 scorpions
  Dowan (D:6)
  2 killer bees (D:7)
  3 howler monkeys
  4 bombardier beetles
  3 gnoll boudas
  6 hounds
  3 orc priests
  2 jellies
  3 iguanas
  6 orc wizards
  9 gnolls
  8 adders
  A white imp (D:7)
  23 orcs
  5 ball pythons
  6 endoplasms
  7 giant cockroaches
  7 goblins
  5 hobgoblins
  3 jackals (D:4)
  14 kobolds
  3 quokkas
  3 bats
  11 frilled lizards
  6 rats
176 creatures vanquished.

Vanquished Creatures (collateral kills)
  A death yak (Lair:1)
  Joseph (D:8)
  A yak (D:8)
  An orc warrior (D:7)
  A sky beast (D:7)
  An ogre (D:7)
  2 kobold brigands
  A scorpion (D:5)
  5 wights (D:8)
  A killer bee (D:7)
  3 gnolls (D:5)
  A dart slug (D:5)
  7 orcs
  8 kobolds
34 creatures vanquished.

Vanquished Creatures (others)
  A yak zombie (D:8)
  A frilled lizard zombie (D:4)
  15 blazeheart cores
17 creatures vanquished.

Grand Total: 227 creatures vanquished

Notes
Turn   | Place    | Note
-------+----------+-------------------------------------------
     0 | D:1      | spaghetti the Oni Chaos Knight began the quest for the Orb.
     0 | D:1      | Reached XP level 1. HP: 24/24 MP: 1/1
    40 | D:1      | XOM: silly message
   110 | D:1      | XOM: silly message
   128 | D:1      | Reached XP level 2. HP: 33/33 MP: 2/2
   194 | D:1      | XOM: confuse monster(s)
   204 | D:1      | Reached skill level 5 in Fighting
   261 | D:1      | XOM: silly message
   280 | D:1      | XOM: silly message
   346 | D:1      | XOM: silly message
   350 | D:1      | Reached XP level 3. HP: 42/42 MP: 3/3
   820 | D:2      | Learned a level 2 spell: Call Imp
   876 | D:2      | XOM: divination: magic mapping
  1257 | D:2      | Reached skill level 6 in Fighting
  1403 | D:3      | Reached XP level 4. HP: 48/52 MP: 3/5
  1448 | D:3      | Reached skill level 1 in Spellcasting
  1497 | D:3      | XOM: silly message
  1553 | D:3      | XOM: noise
  1607 | D:3      | XOM: silly message
  1625 | D:3      | Reached skill level 1 in Summonings
  1826 | D:3      | XOM: silly message
  1871 | D:3      | Found a radiant altar of Vehumet.
  2028 | D:3      | Reached XP level 5. HP: 61/61 MP: 6/8
  2374 | D:4      | Found a sacrificial altar of Ru.
  2384 | D:4      | Found a blossoming altar of Fedhas.
  2386 | D:4      | XOM: noise
  2388 | D:4      | XOM: noise
  2404 | D:4      | XOM: divination: detect creatures
  2420 | D:4      | XOM: potion effect (curing)
  2463 | D:4      | Reached skill level 7 in Fighting
  2463 | D:4      | Reached XP level 6. HP: 55/71 MP: 5/10
  2635 | D:4      | XOM: potion effect (invisibility)
  2642 | D:4      | Reached XP level 7. HP: 61/79 MP: 10/12
  2714 | D:4      | Reached skill level 8 in Fighting
  2820 | D:5      | Entered Level 5 of the Dungeon
  2901 | D:5      | Reached XP level 8. HP: 89/89 MP: 13/15
  2941 | D:5      | XOM: silly message
  3006 | D:5      | Reached skill level 5 in Spellcasting
  3041 | D:5      | XOM: potion effect (invisibility)
  3117 | D:5      | XOM: summons 3 hostile demons
  3174 | D:5      | Reached skill level 9 in Fighting
  3304 | D:5      | XOM: draining
  3352 | D:5      | XOM: 1-stop teleportation journey
  3485 | D:5      | XOM: silly message
  3519 | D:5      | Reached skill level 5 in Summonings
  3524 | D:5      | XOM: confuse monster(s)
  3554 | D:5      | Identified the +4 leather armour "Ukhleajo" {Dex+5}
  3670 | D:5      | Found a faded altar of an unknown god.
  3670 | D:5      | Found a hazy altar of Hepliaklqana.
  3672 | D:5      | Found a faded altar of an unknown god.
  3752 | D:5      | Reached skill level 10 in Fighting
  3760 | D:5      | Reached XP level 9. HP: 92/101 MP: 17/19
  3861 | D:5      | Found Govut's Elemental Accessories.
  3862 | D:5      | XOM: god gift: book of Dangerous Friends
  3869 | D:5      | Learned a level 4 spell: Summon Blazeheart Golem
  3937 | D:6      | Found a staircase to the Ecumenical Temple.
  4011 | D:6      | Noticed Dowan
  4012 | D:6      | Noticed Duvessa
  4021 | D:6      | XOM: silly message
  4055 | D:6      | Killed Duvessa
  4056 | D:6      | Reached skill level 1 in Fire Magic
  4057 | D:6      | Killed Dowan
  4134 | D:6      | Found an iron altar of Okawaru.
  4491 | D:6      | XOM: silly message
  4530 | D:6      | XOM: noise
  4687 | D:7      | XOM: cast spell 'Metabolic Englaciation'
  4692 | D:7      | Reached skill level 1 in Evocations
  5567 | D:7      | Found a shadowy altar of Dithmenos.
  5745 | D:8      | Noticed a two-headed ogre
  5748 | D:8      | XOM: silly message
  5751 | D:8      | Killed a two-headed ogre
  5752 | D:8      | Reached skill level 1 in Throwing
  5752 | D:8      | Reached XP level 10. HP: 110/110 MP: 16/22
  5908 | D:8      | Found a sparkling altar of Nemelex Xobeh.
  5930 | D:8      | XOM: god gift: 686 gold pieces
  5938 | D:8      | XOM: polymorph cerulean imp -> lemure
  5948 | D:8      | XOM: polymorph cerulean imp -> quasit
  6019 | D:8      | Identified the +4 dagger "Bublidwe" {drain, rPois}
  6158 | D:8      | Noticed Joseph
  6160 | D:8      | XOM: summons 2 friendly demons
  6167 | D:8      | Killed Joseph
  6261 | D:8      | XOM: give mutation
  6261 | D:8      | Gained mutation: You passively dampen the noise of your
                  | surroundings. [Xom's grace]
  6272 | D:8      | Learned a level 7 spell: Summon Hydra
  6302 | D:8      | XOM: enchant monster (good)
  6642 | D:8      | Found a glowing silver altar of Zin.
  6661 | D:8      | XOM: 1-stop teleportation journey
  6666 | D:8      | Found a staircase to the Lair.
  7137 | D:9      | XOM: smoke on damage
  7138 | D:9      | XOM: summons 5 hostile demons
  7139 | D:9      | Noticed a rust devil
  7194 | D:9      | Found Mames's Distillery.
  7277 | Lair:1   | Entered Level 1 of the Lair of Beasts
  7277 | Lair:1   | Noticed a cane toad
  7277 | Lair:1   | a cane toad changed into a manticore
  7277 | Lair:1   | Noticed a manticore
  7277 | Lair:1   | XOM: polymorph cane toad -> manticore
  7285 | Lair:1   | Killed a manticore
  7286 | Lair:1   | Reached skill level 5 in Fire Magic
  7286 | Lair:1   | Reached XP level 11. HP: 117/117 MP: 18/24
  7351 | Lair:1   | Noticed a death yak
  7353 | Lair:1   | Noticed a death yak
  7356 | Lair:1   | Noticed a death yak
  7357 | Lair:1   | XOM: fake destruction
  7358 | Lair:1   | Noticed a death yak
  7361 | Lair:1   | Noticed a death yak
  7364 | Lair:1   | Killed a death yak
  7367 | Lair:1   | Killed a death yak
  7441 | Lair:1   | XOM: repel stairs
  7446 | Lair:1   | HP: 1/117 [death yak (19)]
  7448 | Lair:1   | Mangled by a death yak

Illustrated notes

Levels and vault maps discovered:
D:1:      matt_arrival_diagonals, layout_rooms, minmay_heptomino_o4
D:2:      layout_loops_ring
D:3:      cheibrodos_pilgrimage, layout_loops_corners,
          mainiacjoe_overflow_paths, amcnicky_mini_rare_corridor_liquid
D:4:      layout_basic, regret_index_xom_buried_treasure,
          nzn_wu_jian_contemplation, mainiacjoe_overflow_large_starburst,
          makhleb_altar_promises_db, lexackson_kobold_supper
D:5:      minmay_thinvault, layout_basic,
          nicolae_hepliaklqana_ecumenical_no_more, nicolae_elemental_shop
D:6:      layout_basic, okawaru_trees_2, minmay_temple_entry_mist,
          nicolae_tricolors, uniq_duvessa
D:7:      layout_cave_pools, nicolae_dithmenos_through_a_glass_darkly
D:8:      cheibrodos_elevator_heist, layout_loops_ring, kennysheep_mini_moat,
          lemuel_doored_altar, david_lair_shrubbed, small_chamber_with_monster,
          uniq_joseph
D:9:      minmay_the_grid_triangle_9x9_rhombus_thin
          [minmay_the_grid_triangle_9x9_dagger,
          minmay_the_grid_triangle_9x9_prize_top_heavy,
          minmay_the_grid_triangle_9x9_odd_lines,
          minmay_the_grid_triangle_9x9_sprig], layout_loops_ring,
          nicolae_overflow_hidden_temple, serial_shops, shop,
          lightli_fourway_metalbox
Lair:1:   dreamdust_cave_troll, layout_cave_shapes, infiniplex_staircase_pool,
          uniq_amaemon, uniq_nergalle

Skill      XL: |  1  2  3  4  5  6  7  8  9 10 11 |
---------------+----------------------------------+-----
Fighting       | 5 6 7 8 10 | 10.0
Spellcasting   | 2 3 4 6 8 9 |  9.6
Summonings     | 1 2 3 5 6 7 8 |  8.0
Fire Magic     | 3 5 |  5.0
Evocations     | 2 4 |  4.5
Throwing       | 1 4 |  4.7
Polearms       | |  3.0
Dodging        | |  2.1

Action                     |  1- 3 |  4- 6 |  7- 9 | 10-12 || total
---------------------------+-------+-------+-------+-------++-------
  Melee: Spear             |    98 |   155 |   328 |    88 ||   669
         Headbutt          |    11 |    24 |    57 |    17 ||   109
         Punch             |       |       |     4 |     1 ||     5
  Throw: Javelin           |       |       |     5 |     2 ||     7
   Cast: Call Imp          |     2 |     9 |    41 |    19 ||    71
         Summon Blazeheart |       |       |     9 |    18 ||    27
    Use: Scroll            |     3 |     1 |     7 |     4 ||    15
         Potion            |     2 |     2 |     6 |     1 ||    11
   Stab: Petrifying        |     1 |       |     2 |       ||     3
         Paralysed         |       |     1 |       |       ||     1
         Petrified         |       |       |     4 |       ||     4
         Invisible         |       |       |     2 |       ||     2
         Confused          |       |       |     1 |       ||     1
         Distracted        |       |       |     1 |       ||     1
 Armour: Robe              |    41 |    92 |   262 |    83 ||   478
         Skin              |       |    33 |       |       ||    33
  Dodge: Dodged            |    24 |    58 |   147 |    26 ||   255
